 Dungeon Crawl Stone Soup version 0.27.1-4-g1640c2035a (webtiles) character file.

Game seed: 10404205078082238002

30 styxcanada the Sneak (level 3, -3/18 HPs)
             Began as a Spriggan Brigand on Nov 9, 2021.
             Slain by a goblin (18 damage)
             ... on level 2 of the Dungeon.
             The game lasted 00:03:50 (1548 turns).

styxcanada the Sneak (Spriggan Brigand)             Turns: 1548, Time: 00:03:51

Health: -3/18      AC:  3    Str:  7    XL:     3   Next: 5%
Magic:  4/4        EV: 16    Int: 12    God:
Gold:   94         SH:  0    Dex: 17    Spells: 2/2 levels left

rFire    . . .     SeeInvis +   a - +2 dagger
rCold    . . .     Faith    .   (shield restricted)
rNeg     . . .     Spirit   .   b - +0 robe
rPois    .         Reflect  .   (helmet restricted)
rElec    .         Harm     .   c - +0 cloak
rCorr    .         Rampage  .   (gloves unavailable)
Will     .....                  (boots unavailable)
Stlth    ++++......             (no amulet)
HPRegen  0.06/turn              (no ring)
MPRegen  0.09/turn              (no ring)

@: very quick
A: very small, no large weapons, unfitting armour, see invisible, speed 3
a: no special abilities


You were on level 2 of the Dungeon.
You visited 1 branch of the dungeon, and saw 2 of its levels.

You collected 94 gold pieces.

Inventory:

Hand Weapons
 a - a +2 dagger (weapon)
 h - a +0 hunting sling
 i - a +0 dagger of draining
Missiles
 d - 8 poisoned darts (quivered)
 e - 2 curare-tipped darts
 g - 50 stones
 n - 3 boomerangs
Armour
 b - a +0 robe (worn)
 c - a +0 cloak (worn)
Scrolls
 f - 2 scrolls of magic mapping {unknown}
 l - 3 scrolls of identify {unknown}
 m - a scroll of enchant armour {unknown}
Potions
 j - 2 potions of brilliance {unknown}
 k - a potion of attraction {unknown}
 o - a potion of magic {unknown}


   Skills:
 + Level 1.6 Fighting
 + Level 2.4 Short Blades
 + Level 2.2 Throwing
 + Level 1.4 Dodging
 + Level 7.0 Stealth


You had 2 spell levels left.
You didn't know any spells.
Your spell library was empty.

Dungeon Overview and Level Annotations

Branches:
Dungeon (2/15)

Altars:


Innate Abilities, Weirdness & Mutations

You are very small and have problems with some larger weapons.
You are too small for most types of armour.
You have supernaturally acute eyesight. (SInv)
You cover ground extremely quickly. (Speed+++)


Message History

You kill the hobgoblin!
You have reached level 3!
Your experience leads to an increase in your attributes!
Increase (S)trength, (I)ntelligence, or (D)exterity?
You feel agile.
Found 2 gold pieces.
The goblin shouts!
The goblin completely misses you.
You hit the goblin.
The goblin is moderately wounded.
The goblin barely misses you.
You hit the goblin.
You kill the goblin!
You now have 94 gold pieces (gained 2).
g - 50 stones (gained 23)
A hobgoblin comes into view.
The helpless hobgoblin fails to defend itself.
You spit the hobgoblin like a pig!!!
You kill the hobgoblin!
A kobold comes into view. It is wielding a +0 short sword.
Found a ring mail.
The kobold shouts!
A goblin comes into view.
It is wielding a +0 dagger of electrocution.
The kobold barely misses you.
You closely miss the kobold. The kobold closely misses you.
The goblin shouts!
You hit the kobold.
The kobold is moderately wounded.
The kobold completely misses you.
You closely miss the goblin. You closely miss the goblin.
The goblin hits you but does no damage.
You hit the goblin.
The goblin is severely wounded.
The goblin misses you.
You hit the goblin but do no damage.
The goblin is severely wounded.
The goblin hits you with a +0 dagger of electrocution.
You are electrocuted!!
Ouch! That really hurt!
You die...

## ## #[
.####.#
#.#.......
#...# # #.
##K## #. #.
#g# #.#.#
##@## #...###
#...# ## ....
#..## #.
#.#### #.##
#. #....# #.#
#.###.##.#
#.#
#...###.###
#.#######.###
#....
#.........#
#.##.
########..###
#.##.


You could see a goblin and a kobold.

Vanquished Creatures
  A dart slug (D:1)
  4 endoplasms (D:1)
  2 giant cockroaches (D:1)
  2 goblins (D:2)
  2 hobgoblins (D:2)
  3 kobolds (D:1)
  2 quokkas (D:1)
  3 ball pythons (D:1)
  2 bats (D:1)
  A frilled lizard (D:1)
  4 rats
26 creatures vanquished.

Notes
Turn   | Place    | Note
-------+----------+-------------------------------------------
     0 | D:1      | styxcanada the Spriggan Brigand began the quest for the
                  | Orb.
     0 | D:1      | Reached XP level 1. HP: 10/10 MP: 2/2
   151 | D:1      | Reached skill level 6 in Stealth
   426 | D:1      | Reached XP level 2. HP: 14/14 MP: 3/3
   931 | D:1      | Found a faded altar of an unknown god.
  1295 | D:2      | Reached skill level 7 in Stealth
  1484 | D:2      | Reached XP level 3. HP: 18/18 MP: 4/4
  1548 | D:2      | Slain by a goblin

Illustrated notes

Levels and vault maps discovered:
D:1:      wander_arrival_lonely_grave, layout_loops_ring,
          shapermc_ecumenical_altar_mp_highgroup, minmay_hexomino_u4
D:2:      layout_loops_ring, serial_shops, shop,
          nicolae_shop_temple_entry_statues_fountains, nicolae_shop_waterfront,
          nrook_mini_backslash

Skill      XL: |  1  2 |
---------------+-------+-----
Stealth        | 6 7 |  7.0
Fighting       | |  1.6
Short Blades   | |  2.4
Throwing       | |  2.2
Dodging        | |  1.4

Action                   || total
-------------------------++-------
Melee: Dagger            ||    52
Throw: Dart              ||     4
 Stab: Sleeping          ||    15
Armor: Robe              ||     3
Dodge: Dodged            ||    16
